 Dungeon Crawl Stone Soup version 0.29.1-12-g30fa7ad0bf (webtiles) character file.

Game seed: 13731433805771398060

108 concernfroge the Ducker (level 4, -4/19 HPs)
             Began as a Felid Transmuter on Jan 14, 2023.
             Slain by an iguana (13 damage)
             ... on level 5 of the Dungeon.
             The game lasted 00:15:56 (4242 turns).

concernfroge the Ducker (Felid Transmuter)          Turns: 4242, Time: 00:15:56

Health: -4/19      AC:  1    Str:  3 (6)  XL:     4   Next: 58%
Magic:  8/8        EV: 19    Int: 24 (26) God:
Gold:   184        SH:  0    Dex: 16 (18) Spells: 4/7 levels left
                                        Lives:  0   Deaths: 1

rFire   . . .      SeeInvis +     - Unarmed
rCold   . . .      Faith    .   (shield unavailable)
rNeg    . . .      Spirit   .   (body armour unavailable)
rPois   .          Reflect  .   (helmet unavailable)
rElec   .          Harm     .   (cloak unavailable)
rCorr   .          Rampage  .   (gloves unavailable)
Will    .....                   (boots unavailable)
Stlth   +++.......              (no amulet)
HPRegen 0.06/turn               b - +6 ring of intelligence
MPRegen 0.11/turn               h - +6 ring of intelligence

@: quick
A: very small, claws 1, fangs 3, see invisible, speed 1, shaggy fur 1, stealthy
paws, no weapons or thrown items, no armour, multi-lived
a: no special abilities


You were on level 5 of the Dungeon.
You visited 1 branch of the dungeon, and saw 5 of its levels.

You collected 184 gold pieces.

Inventory:

Jewellery
 b - a +6 ring of intelligence (left paw)
 h - a +6 ring of intelligence (right paw)
Scrolls
 d - 3 scrolls of magic mapping
 e - a scroll of poison {unknown}
 f - 2 scrolls of butterflies {unknown}
 g - a scroll of enchant armour {unknown}
 i - a scroll of noise {unknown}
 k - a scroll of identify {unknown}
Potions
 a - 2 potions of mutation {unknown}
 c - a potion of might {unknown}
 j - 4 potions of curing {unknown}
 l - a potion of flight {unknown}
 m - 2 potions of attraction {unknown}


   Skills:
 - Level 1.0 Fighting
 + Level 5.1 Dodging
 + Level 5.1 Stealth
 - Level 3.0 Unarmed Combat
 - Level 2.0 Spellcasting
 - Level 2.1 Transmutations


You had 4 spell levels left.
You knew the following spells:

 Your Spells              Type           Power      Damage    Failure   Level
a - Beastly Appendage     Tmut           24%        N/A       4%          1
b - Wereblood             Tmut           12%        N/A       8%          2

Your spell library contained the following spells:

 Spells                   Type           Power      Damage    Failure   Level
 Spider Form              Tmut/Pois      7%         N/A       22%         3
 Ice Form                 Ice/Tmut       7%         N/A       58%         4


Dungeon Overview and Level Annotations

Branches:
Dungeon (5/15)
 Temple: D:4-7

Altars:


Innate Abilities, Weirdness & Mutations

You have sharp claws.
You have razor-sharp teeth.
You have supernaturally acute eyesight. (SInv)
You cover ground quickly. (Speed+)
You are covered in fur. (AC +1)
Your paws help you pounce on unaware monsters.
You are incapable of wielding weapons or throwing items.
You cannot wear armour.
You gain extra lives every three experience levels.


Message History

Found an inky potion and 13 gold pieces.
The helpless adder fails to defend itself.
You claw the adder!
You kill the adder!
l - an inky potion You see here an adder corpse.
You now have 171 gold pieces (gained 15).
You now have 184 gold pieces (gained 13).
An orc comes into view. It is wielding a +0 flail.
The helpless orc fails to defend itself.
You mangle the orc!!
You kill the orc!
Found a scroll of magic mapping.
Found an amethyst potion.
d - 4 scrolls of magic mapping (gained 1)
j - 3 amethyst potions (gained 1)
Found 2 white potions.
Found a stone staircase leading down.
m - 2 white potions
There is a stone staircase leading down here.
You climb downwards.
Found an amethyst potion.
There is a stone staircase leading up here.
As you read the scroll of magic mapping, it crumbles to dust.
You feel aware of your surroundings.
You sensed 2 altars.
j - 4 amethyst potions (gained 1)
An iguana comes into view.
Found a stone staircase leading down.
There is a fountain of clear blue water here.
An ogre comes into view. It is wielding a +0 giant club.
Found a scroll labelled MELA JU HESA.
The iguana hisses angrily.
The ogre shouts!
The iguana completely misses you. The iguana bites you!
Ouch! That really hurt!
There is a stone staircase leading down here.
Okay, then.
The iguana bites you!
Ouch! That really hurt!
You die...

,,,**,>,,,,,,,,,,,,,,,,*
,,,,,,*,,*,,,,,,,,,<,,,*
,,*****,,,,*,,**,,,,,,**
,** #........***,,***
,** ##.......** ****
,.####......?#*
,............#
,*#..........######
,..........#.O.l@.#
*....#....###.....#
,,#......##_##...##
,*##.##...##+....#
,*#..#.....#..P..##**
.###.........P~P....#
.#.##........P~.....#
...........⌠.....#..#
.........#......#####


You could see an ogre and an iguana.

Vanquished Creatures
  Jessica (D:2)
  3 adders
  10 dart slugs
  2 orcs
  7 ball pythons
  5 bats
  5 endoplasms
  4 giant cockroaches
  8 hobgoblins
  2 jackals (D:2)
  3 kobolds
  6 quokkas
  4 frilled lizards
  5 goblins
  11 rats
76 creatures vanquished.

Vanquished Creatures (others)
  13 plants (D:2)
13 creatures vanquished.

Grand Total: 89 creatures vanquished

Notes
Turn   | Place    | Note
-------+----------+-------------------------------------------
     0 | D:1      | concernfroge the Felid Transmuter began the quest for the
                  | Orb.
     0 | D:1      | Reached XP level 1. HP: 9/9 MP: 4/4
   144 | D:1      | Reached skill level 1 in Stealth
   340 | D:1      | Reached XP level 2. HP: 12/12 MP: 6/6
  1214 | D:1      | Learned a level 2 spell: Wereblood
  1255 | D:2      | Reached XP level 3. HP: 15/15 MP: 7/7
  1416 | D:2      | Found a faded altar of an unknown god.
  1790 | D:2      | Noticed Jessica
  1792 | D:2      | Killed Jessica
  1793 | D:2      | Reached XP level 4. HP: 19/19 MP: 8/8
  2428 | D:2      | Slain by a worm
  2429 | D:2      | Reached XP level 3. HP: -2/15 MP: 7/7
  3034 | D:3      | Reached skill level 5 in Dodging
  3214 | D:3      | Reached XP level 4. HP: 16/19 MP: 6/8
  3555 | D:3      | Reached skill level 5 in Stealth
  4214 | D:5      | Entered Level 5 of the Dungeon
  4233 | D:5      | Noticed an ogre
  4242 | D:5      | Slain by an iguana

Illustrated notes

Levels and vault maps discovered:
D:1:      nzn_arrival_depleted_hourglass, layout_rooms, minmay_heptomino_o4
D:2:      layout_loops_corners, dilly_ecumenical_altar_fadedgnrine, uniq_jessica
D:3:      kennysheep_slugbush, layout_loops_ring, kennysheep_generic_room_11
D:4:      layout_loops_cross, makhleb_altar_promises_db, saegor_snake_ambush
D:5:      layout_cave_pools, led_sif_pool, tso_oasis_becter,
          reono_crystal_passage

Skill      XL: |  1  2  3  4 |
---------------+-------------+-----
Dodging        | 3 5 |  5.1
Stealth        | 1 2 4 5 |  5.1
Fighting       | |  1.0
Unarmed Combat | |  3.0
Spellcasting   | |  2.0
Transmutations | |  2.1

Action                   |  1- 3 |  4- 6 || total
-------------------------+-------+-------++-------
Melee: Unarmed           |   133 |    65 ||   198
       Bite              |    10 |     4 ||    14
       Headbutt          |    17 |     7 ||    24
 Cast: Beastly Appendage |    18 |     5 ||    23
  Use: Potion            |     1 |     2 ||     3
       Scroll            |     1 |     2 ||     3
 Stab: Sleeping          |    15 |     8 ||    23
Armor: Skin              |    18 |     2 ||    20
Dodge: Dodged            |   101 |    47 ||   148
